 Dungeon Crawl Stone Soup version 0.25-a0-308-geac7954 (webtiles) character file.

Game seed: 5530802682816038006, levelgen mode: deterministic

327977 Dietz the Stormcaller (level 20, -9/161 HPs)
             Began as a Black Draconian Conjurer on Dec 22, 2019.
             Was the Champion of Vehumet.
             Mangled by a yaktaur captain (12 damage)
             ... while paralysed by a wizard
             ... on level 3 of the Vaults.
             The game lasted 04:27:33 (73947 turns).

Dietz the Stormcaller (Black Draconian Conjurer)   Turns: 73947, Time: 04:27:33

Health: -9/161     AC: 14    Str: 19    XL:     20   Next: 79%
Magic:  41/41      EV:  2    Int: 24    God:    Vehumet [******]
Gold:   2918       SH:  0    Dex:  9    Spells: 9/53 levels left

rFire    + . .     SeeInvis +   a - +12 falchion of Power {vamp, *Rage +Rage rElec Int+3 Stlth+}
rCold    + + .     Gourm    .   z - +4 shield {reflect}
rNeg     . . .     Faith    .   (armour unavailable)
rPois    .         Spirit   .   p - +1 hat
rElec    +         Reflect  +   S - scarf {cloud immunity}
rCorr    .         Harm     .   n - +1 pair of gloves "Xeolott" {*Drain rF+ Int+3 SInv}
MR       +....     Rnd*Rage +   J - +0 pair of boots
Stlth    +++.......             D - +5 amulet of reflection
HPRegen  0.36/turn              r - ring "Anuc Ykang" {rElec rC++ Str+5 Int-3 Dex-3}
MPRegen  0.27/turn              v - ring of wizardry

@: paralysed, berserk cooldown, flying
A: breathe lightning, unfitting armour, big wings, electricity resistance,
cold-blooded, AC +10
}: 2/15 runes: barnacled, gossamer
a: Breathe Lightning, Stop Flying, Renounce Religion, Evoke Berserk Rage


You were on level 3 of the Vaults.
You worshipped Vehumet.
Vehumet was exalted by your worship.
You were very hungry.

You visited 7 branches of the dungeon, and saw 36 of its levels.
You visited the Abyss 1 time.
You also visited: Ossuary.

You collected 4924 gold pieces.
You spent 2006 gold pieces at shops.

Inventory:

Hand Weapons
 a - the +12 falchion of Power (weapon) {vamp, *Rage +Rage rElec Int+3 Stlth+}
   (You bought it in a shop on level 2 of the Orcish Mines)

   It inflicts no extra harm, but heals its wielder when it wounds a living foe.
   It affects your intelligence (+3).
   It insulates you from electricity.
   It lets you go berserk.
   It may make you go berserk in combat.
   It makes you more stealthy.
 c - a +7 long sword of slicing
 X - a +2 double sword of slicing
Armour
 n - the +1 pair of gloves "Xeolott" (worn) {*Drain rF+ Int+3 SInv}
   (You found it on level 1 of the Orcish Mines)

   It affects your intelligence (+3).
   It protects you from fire.
   It lets you see invisible.
   It causes draining when unequipped.
 p - a +1 hat (worn)
 z - a +4 shield of reflection (worn)
 J - a +0 pair of boots (worn)
 S - a scarf of cloud immunity (worn)
Magical Staves
 b - an uncursed staff of air
 R - an uncursed staff of wizardry
Jewellery
 i - a +6 ring of dexterity
 o - an uncursed ring of poison resistance
 r - the ring "Anuc Ykang" (left hand) {rElec rC++ Str+5 Int-3 Dex-3}
   (You found it on level 4 of the Dungeon)

   [ring of dexterity]

   It affects your strength (+5).
   It affects your intelligence (-3).
   It affects your dexterity (-3).
   It greatly protects you from cold.
   It insulates you from electricity.
 v - a ring of wizardry (right hand)
 x - an uncursed ring of protection from magic
 D - a +5 amulet of reflection (around neck)
 F - a +3 ring of intelligence
 W - an uncursed ring of positive energy
Wands
 d - a wand of scattershot (7)
 e - a wand of clouds (6)
 k - a wand of acid (22)
 t - a wand of enslavement (36)
 G - a wand of digging (10)
 M - a wand of disintegration (12)
 P - a wand of iceblast (14)
 Q - a wand of paralysis (20)
Scrolls
 h - 14 scrolls of teleportation
 m - 18 scrolls of remove curse
 q - 2 scrolls of blinking
 y - 7 scrolls of fog
 E - a scroll of torment
 I - 3 scrolls of magic mapping
 K - 16 scrolls of identify
 O - 2 scrolls of brand weapon
 V - 3 scrolls of holy word
Potions
 j - 3 potions of mutation
 l - 7 potions of might
 s - 2 potions of cancellation
 u - 3 potions of curing
 w - 10 potions of haste
 A - 2 potions of ambrosia
 B - 4 potions of brilliance
 C - 4 potions of agility
 L - 3 potions of resistance
 Y - 3 potions of berserk rage
Miscellaneous
 f - 3 phantom mirrors
 H - a lamp of fire
 N - a fan of gales
Comestibles
 U - 23 rations


   Skills:
 - Level 10.0 Fighting
 - Level 14.0 Long Blades
 - Level 9.0 Dodging
 - Level 1.7 Stealth
 + Level 13.2 Shields
 + Level 17.0 Spellcasting
 - Level 14.3 Conjurations
 - Level 4.1 Ice Magic
 + Level 20.2 Air Magic
 - Level 9.0 Evocations


You had 9 spell levels left.
You knew the following spells:

 Your Spells              Type           Power        Failure   Level  Hunger
a - Airstrike             Air            #######...   0%          4    None
b - Searing Ray           Conj           ######       0%          2    None
c - Freezing Cloud        Conj/Ice/Air   ######....   1%          6    ####...
d - Iskenderun's Mystic   Conj/Tloc      ######..     1%          4    None
e - Shock                 Conj/Air       ####         0%          1    None
f - Static Discharge      Conj/Air       #######.     0%          3    None
g - Mephitic Cloud        Conj/Pois/Air  ######..     1%          3    None
h - Swiftness             Chrm/Air       ######..     1%          2    None
i - Conjure Ball Lightni  Conj/Air       #######...   1%          6    ####...
j - Lightning Bolt        Conj/Air       #######...   1%          5    None
k - Chain Lightning       Conj/Air       #######...   2%          8    #######

Your spell library contained the following spells:

 Spells                   Type           Power        Failure   Level  Hunger
 Tornado                  Air            #######...   9%          9    #######
 Ignition                 Fire           ###.......   100%        8    #######
 Shatter                  Erth           ###.......   100%        9    #######
 Magic Dart               Conj           ####         0%          1    None
 Animate Skeleton         Necr           N/A          1%          1    None
 Beastly Appendage        Tmut           ###...       1%          1    None
 Pain                     Necr           ###.         1%          1    None
 Sandblast                Erth           ###...       1%          1    None
 Summon Butterflies       Summ           ###.....     1%          1    None
 Passwall                 Tmut/Erth      ###.....     1%          2    None
 Poisonous Vapours        Pois/Air       ######       1%          2    None
 Sticks to Snakes         Tmut           ###.....     1%          2    None
 Conjure Flame            Conj/Fire      ######..     1%          3    None
 Dazzling Flash           Conj/Hex       ######       1%          3    None
 Stone Arrow              Conj/Erth      ######       1%          3    None
 Fulminant Prism          Conj/Hex       ######....   1%          4    None
 Iron Shot                Conj/Erth      ######....   3%          6    ####...
 Gell's Gravitas          Tloc           ###.......   4%          3    None
 Portal Projectile        Hex/Tloc       ###...       4%          3    None
 Regeneration             Chrm/Necr      ###.......   4%          3    None
 Spider Form              Tmut/Pois      ###.......   4%          3    None
 Summon Guardian Golem    Hex/Summ       ###.....     4%          3    None
 Vampiric Draining        Necr           ###.......   4%          3    None
 Ice Form                 Ice/Tmut       ####....     6%          4    None
 Lee's Rapid Deconstruct  Erth           ###.......   10%         5    None
 Animate Dead             Necr           N/A          12%         4    None
 Petrify                  Tmut/Erth      ###.....     12%         4    None
 Spellforged Servitor     Conj/Summ      ######....   14%         7    #####..
 Blade Hands              Tmut           ###.......   32%         5    None
 Summon Demon             Summ           ###.......   32%         5    None
 Lehudib's Crystal Spear  Conj/Erth      ######....   65%         8    #######
 Dispersal                Tloc           ###.......   86%         6    ####...
 Shadow Creatures         Summ           N/A          86%         6    ####...
 Statue Form              Tmut/Erth      ###......    86%         6    ####...
 Glaciate                 Conj/Ice       ######....   99%         9    #######
 Dragon Form              Tmut           ###.......   100%        7    #####..
 Ring of Flames           Chrm/Fire      ###.......   100%        7    #####..
 Summon Hydra             Summ           ###.......   100%        7    #####..
 Controlled Blink         Tloc           N/A          100%        8    #######
 Disjunction              Tloc           ###.......   100%        8    #######
 Fire Storm               Conj/Fire      ######....   100%        9    #######


Dungeon Overview and Level Annotations

Branches:
Dungeon (15/15)            Temple (0/1) D:4            Lair (6/6) D:11
 Shoals (4/4) Lair:3       Spider (4/4) Lair:4        Slime (0/5) Lair:6
    Orc (2/2) D:11            Elf (2/3) Orc:2        Vaults (3/5) D:14
  Crypt (0/3) Vaults:2     Depths (0/5) D:15        Ossuary (visited)

Altars:
Ashenzari
Cheibriados
Dithmenos
Elyvilon
Gozag
Hepliaklqana
Makhleb
Okawaru
Qazlal
Sif Muna
Trog
Uskayaw
Vehumet
Wu Jian
Xom
Yredelemnul
Zin
The Shining One
Beogh
Jiyva

Shops:
Orc:2 *([=   Elf:2 (   Shoals:1 }!=   Shoals:3 }

Annotations:
Shoals:1 3 runed translucent doors, Dotir's ghost, adept VSAs


Innate Abilities, Weirdness & Mutations

You can breathe wild blasts of lightning.
Your glossy black scales are hard. (AC +10)
You cannot fit into any form of body armour.
Your large and strong wings let you fly indefinitely.
You are resistant to electric shocks. (rElec)
You are cold-blooded and may be slowed by cold attacks.


Message History

The lance of force hits you!!
You are knocked back by the lance of force.
You collide with the two-headed ogre!
The yaktaur hits you but does no damage. x2
The ironbrand convoker hits you with a +0 morningstar.
* * * LOW HITPOINT WARNING * * *
The yaktaur hits you.
* * * LOW HITPOINT WARNING * * *
The yaktaur hits you!
* * * LOW HITPOINT WARNING * * *
The boggart mumbles some strange words.
The boggart flickers and vanishes for a moment.
The two-headed ogre hits you with a +0 giant spiked club!
* * * LOW HITPOINT WARNING * * *
The two-headed ogre hits you with a +0 giant spiked club!
* * * LOW HITPOINT WARNING * * *
The ironbrand convoker hits you but does no damage.
The yaktaur captain unwields a +0 arbalest.
The yaktaur captain hits you!
You die...

#..).....#
#.)))[...#
######....)...#
....#........#
...#........#
#..#........#
#..#........#
#.O#c.......#
#gp@c.......#
#Oc#p.......#
#..#........#
#..#........#
...#........#
....#........'
######........#
#........


You could see a yaktaur captain, 2 two-headed ogres, an ironbrand convoker, 2
yaktaurs, a wizard and a boggart (invisible).

Vanquished Creatures
  Frederick (Vaults:3)
  Nikola (Elf:2)
  Rupert (D:14)
  The ghost of dialectric the Slayer, an adept MiFi of Qazlal (Spider:1)
  A deep elf blademaster (Elf:2)
  Frances (D:14)
  Agnes (Elf:2)
  Roxanne (D:14)
  Ilsuiw (Shoals:4)
  A frost giant (Shoals:4)
  A ghost moth (Spider:4)
  4 orc warlords
  7 emperor scorpions
  A deep elf sorcerer (Elf:1)
  14 vault wardens
  Louise (Spider:3)
  The ghost of mojowtm the Severer, a journeyman MiBe of Trog (D:12)
  5 ironheart preservers
  The ghost of Rydian the Schismatic, a journeyman DsAK of Lugonu (Orc:2)
  2 stone giants
  Nessos (D:15)
  3 entropy weavers
  A dire elephant (Lair:6)
  The ghost of CanOfBees the Summoner, a journeyman DrSu of Okawaru (Lair:4)
  4 ettins
  3 merfolk javelineers
  Snorg (D:10)
  3 fire dragons
  20 merfolk impalers
  2 great orbs of eyes (Vaults:1)
  7 hydras
  6 ogre magi
  5 yaktaur captains
  3 ice dragons (Vaults:3)
  2 rakshasas (Vaults:1)
  2 catoblepae
  10 vault guards
  5 merfolk aquamancers
  3 death knights
  3 naga warriors (D:12)
  An alligator snapping turtle (Shoals:3)
  6 death yaks
  A queen ant (Spider:2)
  22 dancing weapons
  9 centaur warriors
  2 deep troll shamans
  A merfolk avatar (Shoals:4)
  18 two-headed ogres
  A deep troll earth mage (Vaults:2)
  An orc high priest (Orc:2)
  4 tengu warriors
  Sonja (Orc:1)
  10 deep elf knights
  Nergalle (D:12)
  9 skeletal warriors
  A shadow wraith (Vaults:2)
  A fire crab (shapeshifter) (Vaults:3)
  An unseen horror (D:11)
  14 sea snakes
  A glowing orange brain (Vaults:1)
  A glowing orange brain (shapeshifter) (Vaults:2)
  A large abomination (Abyss:2)
  5 deep trolls
  2 phantasmal warriors
  A kraken simulacrum (Shoals:4)
  5 wizards
  17 orc knights
  6 deep elf archers
  2 lindwurms
  9 ironbrand convokers
  A harpy (shapeshifter) (Vaults:1)
  23 harpies
  14 orb spiders
  2 necromancers
  2 wolf spider zombies
  An oklob plant (Lair:2)
  32 deep elf magi
  3 orc sorcerers
  7 cyclopes
  A tengu skeleton (Vaults:3)
  30 ugly things
  23 wolf spiders
  A black mamba (shapeshifter) (Vaults:1)
  17 fauns
  4 moths of wrath
  2 centaur zombies
  8 manticores
  2 water nymphs
  8 merfolk sirens
  15 elephants
  2 torpor snails
  3 black mambas
  A gargoyle (D:15)
  Psyche (D:8)
  6 vault sentinels
  6 spiny frogs
  5 freezing wraiths
  45 yaktaurs
  10 demonic crawlers
  3 rime drakes
  An elf (Vaults:1)
  A komodo dragon (shapeshifter) (Elf:2)
  7 komodo dragons
  36 jumping spiders
  3 polar bears
  3 tengu conjurers (D:15)
  39 merfolk
  2 polar bears (shapeshifter) (Elf:1)
  8 trolls
  A queen bee (D:10)
  7 wind drakes
  A blink frog (shapeshifter) (Vaults:2)
  A wind drake (shapeshifter) (Vaults:1)
  12 blink frogs
  A hippogriff (shapeshifter) (D:14)
  5 hornets
  10 hippogriffs
  4 slime creatures
  2 air elementals
  12 snapping turtles
  66 redbacks
  10 water elementals
  20 tarantellas
  6 wyverns
  7 spriggans (Lair:4)
  2 fire elementals (Elf:2)
  32 yaks
  3 wraiths
  Eustachio (D:4)
  6 basilisks
  A hungry ghost (D:12)
  4 vampire mosquitoes (D:13)
  A steam dragon (D:11)
  Grum (D:10)
  6 wargs
  5 acid dragons
  13 soldier ants (Spider:2)
  Duvessa (D:5)
  A small abomination (Abyss:2)
  2 porcupines
  53 orc warriors
  14 water moccasins
  5 sky beasts
  4 ice beasts
  An ogre (shapeshifter) (Vaults:3)
  3 phantoms
  A black bear (Lair:6)
  2 necrophages
  17 wolves
  20 ogres
  2 eyes of draining
  10 boggarts
  A crocodile (shapeshifter) (D:14)
  23 centaurs
  10 crocodiles
  An elf zombie (D:7)
  18 bullfrogs
  A gnoll sergeant (D:10)
  An earth elemental (Elf:2)
  Dowan (D:5)
  5 scorpions
  A wyvern skeleton (D:10)
  5 wights (D:7)
  3 human simulacra
  26 killer bees
  3 electric eels
  A howler monkey (D:12)
  5 crimson imps
  A quasit (D:8)
  2 human zombies (D:7)
  A bullfrog zombie (D:6)
  21 orc priests
  5 centaur skeletons
  2 bullfrog skeletons
  34 orc wizards
  Jessica (D:3)
  12 hounds
  7 hell rats (Lair:6)
  An iguana (D:9)
  5 yak simulacra (Lair:3)
  2 polar bear simulacra (Lair:3)
  24 worker ants
  2 wolf simulacra (Lair:3)
  A killer bee zombie (D:8)
  An ogre zombie (D:7)
  A hound zombie (D:6)
  9 mummies
  Robin (D:3)
  8 gnolls
  11 adders
  3 shadow imps
  A white imp (Abyss:2)
  An adder skeleton (D:4)
  2 worms
  4 dart slugs
  7 leopard geckos
  108 orcs
  3 ball pythons
  9 bats
  7 giant cockroaches
  18 goblins
  12 hobgoblins
  11 jackals
  5 kobolds
  4 frilled lizards
  A gnoll zombie (Ossuary)
  3 hobgoblin zombies (Ossuary)
  A jackal skeleton (D:6)
  2 kobold zombies (Ossuary)
  2 leopard gecko skeletons
  2 leopard gecko zombies (D:6)
  An orc skeleton (D:7)
  4 orc zombies
  4 rats
  2 river rat simulacra (Lair:3)
  2 fungi
  6 plants
  A tentacle (Shoals:4)
1523 creatures vanquished.

Vanquished Creatures (collateral kills)
  A gnoll (D:10)
1 creature vanquished.

Vanquished Creatures (others)
  Donald (Elf:2)
  A yaktaur captain (Vaults:1)
  A satyr (Shoals:4)
  A deep elf mage (Elf:2)
  A wolf spider (Spider:3)
  3 cyclopes
  127 ball lightnings
  2 fauns
  4 yaktaurs
  4 merfolk
  A tarantella (Spider:4)
  A centaur (Vaults:1)
  An orc wizard (D:5)
  A bush (Lair:4)
  14 fungi
  28 plants
  3 tentacles (Shoals:4)
194 creatures vanquished.

Grand Total: 1718 creatures vanquished

Notes
Turn   | Place    | Note
-------+----------+-------------------------------------------
     0 | D:1      | Dietz the Draconian Conjurer began the quest for the Orb.
     0 | D:1      | Reached XP level 1. HP: 14/14 MP: 3/3
   217 | D:1      | Reached XP level 2. HP: 15/20 MP: 1/5
   483 | D:1      | Learned a level 2 spell: Searing Ray
  1003 | D:1      | Reached skill level 5 in Conjurations
  1281 | D:1      | Reached XP level 3. HP: 26/26 MP: 4/6
  1919 | D:2      | Reached XP level 4. HP: 33/33 MP: 0/7
  2017 | D:2      | Found a bloodstained altar of Trog.
  2018 | D:2      | Found a hazy altar of Hepliaklqana.
  2172 | D:2      | Learned a level 3 spell: Dazzling Flash
  2469 | D:3      | Noticed an ice beast
  2585 | D:3      | Noticed Robin
  2988 | D:4      | Noticed an ogre
  2992 | D:4      | Killed an ogre
  2992 | D:4      | Reached XP level 5. HP: 34/38 MP: 4/9
  2992 | D:4      | Noticed Eustachio
  3009 | D:4      | Killed Eustachio
  3009 | D:4      | Reached XP level 6. HP: 9/45 MP: 1/11
  3560 | D:4      | Got a slimy amber ring
  3566 | D:4      | Identified the cursed ring "Anuc Ykang" {rElec rC++ Str+5
                  | Int-3 Dex-3} (You found it on level 4 of the Dungeon)
  3817 | D:4      | Found a radiant altar of Vehumet.
  3879 | D:4      | Became a worshipper of Vehumet
  3961 | D:4      | Your scales start taking on a glossy black colour.
  3961 | D:4      | Reached XP level 7. HP: 43/50 MP: 5/13
  3961 | D:4      | Gained mutation: You are resistant to electric shocks.
                  | (rElec) [Black Draconian growth]
  4100 | D:4      | Found a staircase to the Ecumenical Temple.
  4198 | D:4      | Learned a level 4 spell: Iskenderun's Mystic Blast
  4284 | D:3      | Killed Robin
  4672 | D:3      | Reached skill level 5 in Spellcasting
  4673 | D:3      | Noticed Jessica
  4788 | D:3      | Killed Jessica
  4890 | D:3      | Reached * piety under Vehumet
  4890 | D:3      | Offered knowledge of Shock by Vehumet.
  4893 | D:3      | Learned a level 1 spell: Shock
  5411 | D:5      | Entered Level 5 of the Dungeon
  5558 | D:5      | Found a shadowy altar of Dithmenos.
  5609 | D:5      | Reached XP level 8. HP: 50/57 MP: 2/16
  5950 | D:5      | Noticed Duvessa
  5958 | D:5      | Killed Duvessa
  5959 | D:5      | Noticed Dowan
  6070 | D:5      | Killed Dowan
  6280 | D:5      | Found a white marble altar of Elyvilon.
  6619 | D:6      | Noticed a +0 dagger
  6620 | D:6      | Found a hide-covered altar of Uskayaw.
  6620 | D:6      | Noticed a +0 hand axe
  6763 | D:6      | Found a sand-covered staircase.
  6810 | Ossuary  | Entered an ossuary
  6931 | Ossuary  | Offered knowledge of Sandblast by Vehumet.
  6935 | Ossuary  | Reached ** piety under Vehumet
  7454 | D:6      | Reached XP level 9. HP: 25/62 MP: 16/20
  7895 | D:6      | Reached skill level 10 in Conjurations
  8140 | D:6      | Found an opulent altar of Gozag.
  8140 | D:6      | Found a snail-covered altar of Cheibriados.
  8509 | D:7      | Offered knowledge of Ignite Poison by Vehumet.
  8922 | D:7      | Found a shattered altar of Ashenzari.
  9387 | D:6      | Found a shimmering blue altar of Sif Muna.
  9409 | D:7      | Reached *** piety under Vehumet
  9927 | D:7      | Found a basalt altar of Yredelemnul.
  9966 | D:7      | Reached XP level 10. HP: 69/69 MP: 23/23
 10093 | D:7      | Offered knowledge of Static Discharge by Vehumet.
 10098 | D:7      | Learned a level 3 spell: Static Discharge
 10204 | D:7      | Found a glowing silver altar of Zin.
 10204 | D:7      | Found a burning altar of Makhleb.
 10205 | D:7      | Noticed an Executioner
 10205 | D:7      | Noticed an angel
 10350 | D:7      | Found a basalt altar of Yredelemnul.
 10399 | D:7      | Found a glowing golden altar of the Shining One.
 10401 | D:7      | Noticed an angel
 10414 | D:7      | Noticed a profane servitor
 10498 | D:8      | Found a stormy altar of Qazlal.
 10610 | D:8      | Noticed Psyche
 10618 | D:8      | Killed Psyche
 10816 | D:8      | Reached **** piety under Vehumet
 10873 | D:8      | Reached skill level 10 in Spellcasting
 10874 | D:8      | Offered knowledge of Mephitic Cloud by Vehumet.
 10960 | D:8      | Learned a level 3 spell: Mephitic Cloud
 11565 | D:9      | Got a shimmering whip
 12392 | D:10     | Entered Level 10 of the Dungeon
 12555 | D:10     | Noticed Grum
 12565 | D:10     | Killed Grum
 12565 | D:10     | Reached skill level 5 in Dodging
 12772 | D:10     | Reached XP level 11. HP: 28/74 MP: 11/25
 13542 | D:10     | Noticed Snorg
 13577 | D:10     | Killed Snorg
 14597 | D:11     | Reached skill level 1 in Air Magic
 14739 | D:11     | Noticed a two-headed ogre
 14748 | D:11     | Killed a two-headed ogre
 14748 | D:11     | Reached skill level 2 in Air Magic
 14827 | D:11     | Noticed a purple ugly thing
 14837 | D:11     | Killed a purple ugly thing
 14837 | D:11     | Reached skill level 3 in Air Magic
 14887 | D:11     | Killed an unseen horror
 15049 | D:11     | Found a staircase to the Orcish Mines.
 15066 | D:11     | Reached skill level 4 in Air Magic
 15384 | D:11     | Noticed a skeletal warrior
 15384 | D:11     | Noticed a skeletal warrior
 15724 | D:11     | Learned a level 2 spell: Poisonous Vapours
 15731 | D:11     | Learned a level 6 spell: Freezing Cloud
 15751 | D:11     | Noticed a skeletal warrior
 16492 | D:12     | Found a runed translucent gate.
 16492 | D:12     | Noticed a centaur warrior
 16493 | D:12     | Found a runed translucent gate.
 16493 | D:12     | Noticed a naga warrior
 16494 | D:12     | Found a runed translucent gate.
 16494 | D:12     | Noticed mojowtm's ghost (journeyman MiBe)
 16494 | D:12     | Noticed a naga warrior
 16494 | D:12     | Noticed a tengu warrior
 16494 | D:12     | Noticed a tengu warrior
 16494 | D:12     | Noticed a centaur warrior
 16498 | D:12     | Noticed a naga warrior
 16500 | D:12     | Noticed a deep elf knight
 16502 | D:12     | Found an iron altar of Okawaru.
 16712 | D:12     | Reached skill level 5 in Air Magic
 17180 | D:12     | Noticed a six-headed hydra
 17198 | D:12     | Killed a six-headed hydra
 17198 | D:12     | Reached skill level 6 in Air Magic
 17783 | D:12     | Noticed Nergalle
 17800 | D:12     | Killed Nergalle
 17800 | D:12     | Reached skill level 7 in Air Magic
 18514 | D:11     | Noticed a skeletal warrior
 18879 | D:11     | Found a staircase to the Lair.
 19011 | D:11     | Reached XP level 12. HP: 80/81 MP: 21/26
 19038 | D:11     | Reached skill level 8 in Air Magic
 19338 | D:8      | Identified the +4 whip "Wew Cimi" {slash, -Tele Int+3
                  | Dex+4} (You found it on level 9 of the Dungeon)
 19484 | Lair:1   | Entered Level 1 of the Lair of Beasts
 19490 | Lair:1   | Reached skill level 1 in Shields
 19490 | Lair:1   | Reached skill level 1 in Ice Magic
 19711 | Lair:1   | Noticed a seven-headed hydra
 19717 | Lair:1   | Killed a seven-headed hydra
 20216 | Lair:1   | Reached ***** piety under Vehumet
 20278 | Lair:1   | Reached skill level 9 in Air Magic
 20374 | Lair:1   | Learned a level 5 spell: Lightning Bolt
 20381 | Lair:1   | Learned a level 4 spell: Airstrike
 20629 | Lair:2   | Offered knowledge of Sticky Flame by Vehumet.
 20843 | Lair:2   | Found a shadowy altar of Dithmenos.
 21374 | Lair:2   | Reached skill level 10 in Air Magic
 21511 | Lair:2   | Noticed a catoblepas
 21873 | Lair:1   | Killed a catoblepas
 22658 | Lair:3   | Found a staircase to the Shoals.
 22729 | Lair:3   | Reached skill level 5 in Shields
 23253 | Lair:3   | Reached skill level 1 in Fighting
 23258 | Lair:3   | Reached skill level 11 in Air Magic
 23258 | Lair:3   | Reached XP level 13. HP: 34/90 MP: 14/27
 24575 | Lair:4   | Offered knowledge of Fireball by Vehumet.
 24755 | Lair:4   | Found a frozen archway.
 25023 | Lair:4   | Found a hole to the Spider Nest.
 25408 | Lair:4   | Reached skill level 12 in Air Magic
 25408 | Lair:4   | Reached skill level 5 in Fighting
 25502 | Lair:4   | Found a bloodstained altar of Trog.
 25504 | Lair:4   | Noticed CanOfBees's ghost (journeyman DrSu)
 25507 | Lair:4   | Identified the +5 trident "Giantbane" {pierce, *Contam +Inv
                  | Dex+2}
 25511 | Lair:4   | Found a transporter.
 25513 | Lair:4   | Found a transporter.
 25513 | Lair:4   | Identified the +5 trident of Untimely Demise {venom, *Slow
                  | Dex+6}
 25534 | Lair:4   | You fall into a shaft and drop 1 floor!
 25907 | Lair:4   | Killed CanOfBees's ghost
 25910 | Lair:4   | Cast into level 2 of the Abyss (spriggan)
 26032 | Abyss:2  | Noticed a starcursed mass
 26129 | Abyss:2  | Found a corrupted altar of Lugonu.
 26360 | Abyss:2  | Noticed a balrug
 26372 | Lair:4   | Escaped the Abyss
 27416 | Lair:6   | Entered Level 6 of the Lair of Beasts
 27651 | Lair:6   | Offered knowledge of Orb of Destruction by Vehumet.
 28113 | Lair:6   | Found a viscous altar of Jiyva.
 28113 | Lair:6   | Found a staircase to the Slime Pits.
 28215 | Lair:6   | Reached skill level 13 in Air Magic
 28225 | Lair:6   | Gained mutation: Your large and strong wings let you fly
                  | indefinitely. [Black Draconian growth]
 28225 | Lair:6   | Reached XP level 14. HP: 109/113 MP: 15/28
 29936 | Orc:1    | Entered Level 1 of the Orcish Mines
 29936 | Orc:1    | Found a shimmering altar of Xom.
 29945 | Orc:1    | Noticed Sonja
 29948 | Orc:1    | Killed Sonja
 30204 | Orc:1    | Noticed an orc warlord
 30783 | D:11     | Killed an orc warlord
 31135 | Orc:1    | Noticed an orc warlord
 31390 | D:11     | Killed an orc warlord
 31844 | Orc:1    | Offered knowledge of Bolt of Magma by Vehumet.
 31848 | Orc:1    | Learned a level 2 spell: Swiftness
 32078 | Orc:1    | Noticed an orc warlord
 32853 | D:11     | Killed an orc warlord
 33214 | Orc:1    | Identified the ring of the Ancients {EV+3 Dex+4}
 33607 | Orc:1    | Got a pair of faintly humming gloves
 33613 | Orc:1    | Identified the +1 pair of gloves "Xeolott" {*Drain rF+
                  | Int+3 SInv} (You found it on level 1 of the Orcish Mines)
 33630 | Orc:1    | Identified The Lost Volume of the Prophet
 33727 | Orc:2    | Entered Level 2 of the Orcish Mines
 33832 | Orc:2    | Found a runed translucent gate.
 33832 | Orc:2    | Found a runed translucent gate.
 33832 | Orc:2    | Found a runed translucent gate.
 33833 | Orc:2    | Noticed Rydian's ghost (journeyman DsAK)
 33862 | Orc:2    | Killed Rydian's ghost
 35019 | Orc:2    | Noticed an orc warlord
 35036 | Orc:2    | Killed an orc warlord
 35470 | Orc:2    | Found a roughly hewn altar of Beogh.
 35627 | Orc:2    | Found Xiogutuc's General Store.
 35685 | Orc:2    | Found Quinlodoik's Antique Weapon Emporium.
 35725 | Orc:2    | Found a staircase to the Elven Halls.
 35751 | Orc:2    | Found Oroafogi's Jewellery Emporium.
 35800 | Orc:2    | Found Ludghuun's Antique Armour Emporium.
 35840 | Orc:2    | Bought a dazzling falchion for 288 gold pieces
 35840 | Orc:2    | Identified the +12 falchion of Power {vamp, *Rage +Rage
                  | rElec Int+3 Stlth+} (You bought it in a shop on level 2 of
                  | the Orcish Mines)
 36355 | D:10     | Reached skill level 1 in Long Blades
 36355 | D:10     | Reached skill level 1 in Evocations
 36730 | D:13     | Reached skill level 10 in Fighting
 36894 | D:13     | Reached XP level 15. HP: 126/126 MP: 22/31
 38844 | D:14     | Identified Roxanne's Tome of Stones
 38844 | D:14     | Noticed Roxanne
 39047 | D:14     | Reached skill level 5 in Long Blades
 39057 | D:14     | Reached skill level 5 in Evocations
 39368 | D:14     | Found a gate to the Vaults.
 39385 | D:14     | Noticed Frances
 39390 | D:14     | Offered knowledge of Ozocubu's Refrigeration by Vehumet.
 39394 | D:14     | Killed Frances
 40123 | D:14     | Killed Roxanne
 40337 | D:14     | Noticed Rupert
 40346 | D:14     | Killed Rupert
 40705 | D:15     | Entered Level 15 of the Dungeon
 40999 | D:15     | Noticed Nessos
 41004 | D:15     | Killed Nessos
 41959 | D:15     | Found a staircase to the Depths.
 42404 | Spider:1 | Entered Level 1 of the Spider Nest
 43006 | Spider:1 | Found a runed translucent door.
 43015 | Spider:1 | Noticed dialectric's ghost (adept MiFi)
 43648 | Spider:1 | Reached XP level 16. HP: 86/134 MP: 18/32
 43669 | Spider:1 | Learned a level 6 spell: Ozocubu's Refrigeration
 43890 | Spider:1 | Offered knowledge of Conjure Ball Lightning by Vehumet.
 44803 | Spider:1 | Learned a level 6 spell: Conjure Ball Lightning
 45092 | Spider:1 | Killed dialectric's ghost
 46005 | Spider:2 | Reached skill level 10 in Long Blades
 46310 | Spider:2 | Offered knowledge of Starburst by Vehumet.
 47305 | Spider:3 | Noticed Louise
 47312 | Spider:3 | Killed Louise
 47481 | Spider:4 | Entered Level 4 of the Spider Nest
 50383 | Spider:4 | Reached XP level 17. HP: 114/140 MP: 0/33
 51143 | Spider:4 | Got a gossamer rune of Zot
 51440 | Elf:1    | Entered Level 1 of the Elven Halls
 51451 | Elf:1    | Reached skill level 14 in Air Magic
 53424 | Elf:2    | Found Ferios's Antique Weapon Emporium.
 53507 | Elf:2    | Noticed Agnes
 53515 | Elf:2    | Killed Agnes
 53667 | Elf:2    | Reached skill level 15 in Air Magic
 54086 | Elf:2    | Found a runed translucent gate.
 54086 | Elf:2    | Found a runed translucent gate.
 54087 | Elf:2    | Found a runed translucent gate.
 54610 | Elf:2    | Reached ****** piety under Vehumet
 55085 | Elf:2    | Noticed Nikola
 55137 | Elf:2    | Noticed a deep elf blademaster
 55144 | Elf:2    | Killed a deep elf blademaster
 55364 | Elf:2    | Noticed Donald
 55377 | Elf:2    | Killed Donald
 55438 | Elf:2    | Reached skill level 16 in Air Magic
 55470 | Elf:2    | HP: 7/140 [deep elf knight/stone arrow (38)]
 55975 | Elf:2    | Killed Nikola
 56234 | Orc:2    | Bought a +5 amulet of reflection for 412 gold pieces
 56253 | Orc:2    | Bought a scroll of teleportation for 36 gold pieces
 56253 | Orc:2    | Bought a potion of brilliance for 48 gold pieces
 56461 | Shoals:1 | Entered Level 1 of the Shoals
 56898 | Shoals:1 | Found Qaavisos's Distillery.
 56922 | Shoals:1 | Bought a potion of resistance for 160 gold pieces
 56922 | Shoals:1 | Bought a potion of curing for 48 gold pieces
 57030 | Shoals:1 | Identified Beqibbeedi's Incunabulum of Mutagenic Calling
 57035 | Shoals:1 | Reached XP level 18. HP: 147/147 MP: 25/35
 57220 | Shoals:1 | Found Fyneptu's Jewellery Shop.
 57241 | Shoals:1 | Learned a level 8 spell: Chain Lightning
 57269 | Shoals:1 | Found a runed translucent gate.
 57270 | Shoals:1 | Found a runed translucent gate.
 57271 | Shoals:1 | Found a runed translucent gate.
 57281 | Shoals:1 | Noticed Dotir's ghost (adept VSAs)
 57783 | Shoals:1 | Found Uthrocw's Gadget Shoppe.
 61546 | Shoals:3 | Reached skill level 17 in Air Magic
 62329 | Shoals:3 | Identified the +5 broad axe of the Original Sin {chop, +Fly
                  | rF- rN++ SInv}
 62773 | Shoals:3 | HP: 7/147 [merfolk javelineer/silver javelin (22)]
 62774 | Shoals:3 | HP: 2/147 [merfolk javelineer/silver javelin (4)]
 64091 | Shoals:3 | Found Ivisemiraom's Gadget Emporium.
 64099 | Shoals:3 | Bought a wand of clouds (6) for 390 gold pieces
 64099 | Shoals:3 | Bought a wand of acid (7) for 286 gold pieces
 64099 | Shoals:3 | Bought a wand of acid (9) for 338 gold pieces
 64624 | Shoals:4 | Entered Level 4 of the Shoals
 64671 | Shoals:4 | Noticed Ilsuiw
 65503 | Shoals:4 | Killed Ilsuiw
 65607 | Shoals:4 | Found an ornate altar of the Wu Jian Council.
 65767 | Shoals:4 | Reached skill level 15 in Spellcasting
 66234 | Shoals:4 | Reached XP level 19. HP: 118/154 MP: 16/38
 66537 | Shoals:4 | Got a barnacled rune of Zot
 66796 | Shoals:4 | Reached skill level 18 in Air Magic
 67079 | D:12     | Killed mojowtm's ghost
 67091 | D:12     | Reached skill level 10 in Shields
 67552 | Vaults:1 | Entered Level 1 of the Vaults
 67930 | Vaults:1 | Offered knowledge of Shatter by Vehumet.
 67930 | Vaults:1 | Offered knowledge of Tornado by Vehumet.
 67930 | Vaults:1 | Offered knowledge of Ignition by Vehumet.
 69429 | Vaults:1 | Reached skill level 19 in Air Magic
 70319 | Vaults:2 | Found a staircase to the Crypt.
 70328 | Vaults:2 | Reached XP level 20. HP: 161/161 MP: 40/40
 72264 | Vaults:3 | Noticed Frederick
 72267 | Vaults:3 | Killed Frederick
 72305 | Vaults:2 | Paralysed by an ogre mage for 2 turns
 72310 | Vaults:2 | HP: 7/161 [ogre mage/bolt of lightning (11)]
 72310 | Vaults:2 | HP: 1/161 [ogre mage/bolt of lightning (6)]
 73057 | Vaults:3 | Reached skill level 20 in Air Magic
 73084 | Vaults:3 | Got a twitching pewter ring
 73086 | Vaults:3 | Identified the cursed ring "Zeupucs" {rPois Str-3 Slay+2}
                  | (You found it on level 3 of the Vaults)
 73944 | Vaults:3 | Paralysed by a wizard for 6 turns
 73947 | Vaults:3 | HP: 3/161 [two-headed ogre/+0 giant spiked club (15)]
 73947 | Vaults:3 | Mangled by a yaktaur captain

Levels and vault maps discovered:
D:1:      noname_arrival_rooms_in_the_neighbourhood, layout_basic
D:2:      layout_rooms, gammafunk_temple_overflow_pools, first_ration,
          minmay_fractal_squares_gapless_5
D:3:      layout_basic, uniq_jessica, uniq_robin
D:4:      minmay_inner_zag, layout_loops_ring, marbit_many_paths,
          minmay_temple_entry_statues_pillars, uniq_eustachio
D:5:      layout_gridville, lemuel_crystal_altar, lemuel_crystal_altar,
          uniq_duvessa
D:6:      layout_loops_ring, nicolae_overflow_hidden_temple,
          dancing_weapons_uskayaw, gammafunk_temple_overflow_wave,
          nicolae_ossuary_entry_false_entrances
D:7:      layout_loops_ring, grunt_temple_overflow_holy_war,
          grunt_temple_overflow_order_and_chaos_2, old_standard_altar,
          lemuel_mausoleum_altar_yredelemnul
D:8:      layout_rooms, nicolae_qazlal_style_of_elements, uniq_psyche
D:9:      layout_irregular_city
D:10:     layout_layer_cave, david_nohive_1, minmay_misc_feat_pillars,
          minivault_24, hex_large, minivault_5,
          hangedman_abyss_or_decor_lesser_grid, uniq_grum, uniq_snorg
D:11:     layout_stronghold, erik_lair_dragon, orc_0_dummy
D:12:     layout_loops_cross, gammafunk_ghost_fury_of_okawaru, uniq_nergalle
D:13:     layout_grid_maze, kennysheep_island_fort
D:14:     layout_roguey, lightli_vaults_fourway_checkpoint,
          grunt_decor_one_mirror, dk_noncrumbling_3, uniq_roxanne, uniq_rupert,
          uniq_frances
D:15:     grunt_enter_depths_snipers, layout_irregular_city, minivault_26,
          uniq_nessos
Lair:1:   layout_cave_pods
Lair:2:   layout_loops_ring, lemuel_oklob_altar
Lair:3:   layout_chaotic_city, elwin_shoals_entry_rooms, eino_house_with_fridge
Lair:4:   layout_roguey, nicolae_spider_entry_tight_spaces,
          portal_ice_cave_rime, gammafunk_ghost_wrathful_warriors,
          grunt_forest_stairs_basic
Lair:5:   layout_hall_layers
Lair:6:   grunt_lair_end_beastmaster, layout_regular_city, slime_altar_1,
          infiniplex_staircase_pool_2, serial_bayou_shore_a
Shoals:1: layout_shoals, serial_shops, nicolae_shop_trees,
          nicolae_shop_waterfront, shop, ebering_ghost_rock_garden
Shoals:2: layout_shoals, nicolae_shoals_circle_sea_wall,
          hangedman_shoals_cup_caves
Shoals:3: layout_shoals, serial_shops, nicolae_shop_behind_doors
Shoals:4: shoals_end_grunt_ice, layout_shoals, shoal_ilsuiw,
          lemuel_altar_in_water
Spider:1: layout_chambers, gammafunk_ghost_grave
Spider:2: layout_spider_delve, minmay_another_anthill
Spider:3: layout_spider_delve, hangedman_spider_mandibles, uniq_louise
Spider:4: grunt_spider_rune_circles, guppyfry_spider_mini_2
Orc:1:    layout_caves, basic_altar, serial_shops, minmay_orc_treasury,
          uniq_sonja
Orc:2:    grunt_orc_cross, layout_diamond_mine, gammafunk_ghost_split
Elf:1:    minmay_elf_arrival_circle, layout_onion_city, hangedman_elf_disciples
Elf:2:    layout_rooms, serial_shops, nicolae_shop_crystal, minivault_24,
          lemuel_elevator, uniq_agnes, uniq_nikola, uniq_donald
Vaults:1: vaults_mumra_minichess, v_alt_pattern_2,
          nicolae_vaults_stairing_the_circle, serial_ice_m,
          nicolae_vaults_holding_cells, v_pattern_4, v_rooms_4,
          nicolae_vaults_little_squares_2, dpeg_vaults_monster_box,
          nicolae_vaults_asterisk, vaults_dpeg_ring, vaults_room_pool,
          layout_vaults_omnicross
Vaults:2: blue_anna_dwarven_crypt, v_misc_33, v_misc_14, v_misc_30,
          nicolae_vaults_border_crossing, v_misc_19, vaults_mumra_hex,
          v_misc_11, layout_vaults_omnigrid
Vaults:3: nicolae_vaults_arrows, v_misc_23, nicolae_vaults_ring_of_whatevers,
          vaults_dpeg_cross, v_misc_3, nicolae_vaults_quartermaster,
          ontoclasm_vaults_ring_square, hangedman_vaults_unwind,
          vaults_room_grid, v_misc_3, hangedman_vaults_snaps,
          hangedman_vaults_nails, v_misc_15, nicolae_vaults_ring_of_whatevers,
          layout_vaults_omnibox, uniq_frederick

Skill      XL: |  1  2  3  4  5  6  7  8  9 10 11 12 13 14 15 16 17 18 19 20 |
---------------+-------------------------------------------------------------+-----
Conjurations   | 5 6 7 8 9 11 12 13 14 | 14.3
Spellcasting   | 3 4 5 7 9 10 12 13 15 16 17 | 17.0
Dodging        | 5 9 |  9.0
Air Magic      | 7 11 13 16 17 19 20 | 20.2
Shields        | 5 9 11 13 | 13.2
Ice Magic      | 4 |  4.1
Fighting       | 1 7 10 | 10.0
Long Blades    | 1 9 13 14 | 14.0
Evocations     | 1 7 9 |  9.0
Stealth        | |  1.7

Action                   |  1- 3 |  4- 6 |  7- 9 | 10-12 | 13-15 | 16-18 | 19-21 || total
-------------------------+-------+-------+-------+-------+-------+-------+-------++-------
Melee: Dagger            |    23 |       |       |       |       |       |       ||    23
       Unarmed           |     5 |       |       |       |       |       |       ||     5
       Tailslap          |     7 |     3 |     3 |    19 |    52 |    76 |   120 ||   280
       Club              |    34 |    44 |    84 |       |       |       |       ||   162
       Morningstar       |       |       |       |   157 |   188 |       |       ||   345
       Staff             |       |       |       |       |    16 |     6 |       ||    22
       Falchion          |       |       |       |       |   141 |   381 |   802 ||  1324
       Long sword        |       |       |       |       |       |   220 |       ||   220
 Cast: Magic Dart        |    65 |    40 |   162 |    63 |       |       |       ||   330
       Searing Ray       |     3 |    13 |    77 |    47 |     1 |     2 |       ||   143
       Dazzling Flash    |       |     1 |     5 |     4 |       |       |       ||    10
       Shock             |       |       |     3 |   111 |    49 |     8 |       ||   171
       Static Discharge  |       |       |       |   162 |   121 |    24 |       ||   307
       Mephitic Cloud    |       |       |       |    11 |    11 |     2 |       ||    24
       Freezing Cloud    |       |       |       |    17 |    94 |    59 |    48 ||   218
       Lightning Bolt    |       |       |       |    13 |    50 |    46 |     6 ||   115
       Airstrike         |       |       |       |     5 |   299 |   555 |   123 ||   982
       Iskenderun's Myst |       |       |       |     3 |    29 |    13 |     1 ||    46
       Conjure Ball Ligh |       |       |       |       |       |    54 |       ||    54
       Swiftness         |       |       |       |       |       |     2 |     1 ||     3
       Chain Lightning   |       |       |       |       |       |     4 |    42 ||    46
 Abil: Breathe Lightning |       |       |     3 |     2 |     9 |     4 |       ||    18
       Fly               |       |       |       |       |     1 |     3 |       ||     4
       Evoke Berserk Rag |       |       |       |       |       |     1 |       ||     1
       Stop Flying       |       |       |       |       |       |     3 |       ||     3
Evoke: Wand              |       |     4 |       |     9 |    14 |     3 |       ||    30
       Phantom mirror    |       |       |       |       |       |     1 |       ||     1
  Use: Scroll            |     6 |     6 |     8 |    12 |    10 |    30 |     4 ||    76
       Potion            |       |       |     1 |     7 |     6 |    19 |     5 ||    38
 Stab: Sleeping          |     1 |     1 |     1 |     2 |     2 |     2 |     1 ||    10
       Confused          |       |       |       |     2 |       |       |       ||     2
  Eat: Chunk             |     4 |     7 |    17 |    38 |    82 |    48 |    48 ||   244
       Ration            |       |       |     1 |     4 |    11 |    18 |     2 ||    36
Armor: Skin              |    23 |    17 |    91 |   180 |   126 |   252 |    95 ||   784
Dodge: Dodged            |    47 |    47 |   143 |   421 |   442 |   586 |   160 ||  1846
Block: Buckler           |       |       |       |     9 |   138 |   118 |       ||   265
       Shield            |       |       |       |       |       |   277 |   568 ||   845
       Reflection        |       |       |       |       |       |    48 |    78 ||   126
       Rpst.: Falchion   |       |       |       |       |    26 |    85 |    40 ||   151
       Long sword        |       |       |       |       |       |    20 |       ||    20

Table legend:
 A = Non-vault XP
 B = Vault XP
 C = Vault XP percentage of total XP
 D = Non-vault monster count
 E = Vault monster count
 F = Vault count percentage of total count
                 A         B        C        D         E       F
            +---------+---------+-------+---------+---------+-------
      Total |  285524 |  276919 |  49.2 |     976 |     560 |  36.5
            +---------+---------+-------+---------+---------+-------
        D:1 |      43 |       0 |   0.0 |      23 |       0 |   0.0
        D:2 |      78 |       5 |   6.0 |      21 |       4 |  16.0
        D:3 |     302 |      75 |  19.9 |      22 |      13 |  37.1
        D:4 |     381 |     335 |  46.8 |      20 |       7 |  25.9
        D:5 |     493 |     230 |  31.8 |      18 |       2 |  10.0
        D:6 |    1514 |       0 |   0.0 |      24 |       0 |   0.0
        D:7 |    1840 |     760 |  29.2 |      36 |      12 |  25.0
        D:8 |    1693 |     418 |  19.8 |      30 |       1 |   3.2
        D:9 |    1279 |       0 |   0.0 |      10 |       0 |   0.0
       D:10 |    3232 |    2616 |  44.7 |      21 |      18 |  46.2
       D:11 |    2478 |    7317 |  74.7 |       7 |      16 |  69.6
       D:12 |    4600 |    9677 |  67.8 |      33 |      11 |  25.0
       D:13 |    5077 |    1444 |  22.1 |      24 |       3 |  11.1
       D:14 |   11145 |   14645 |  56.8 |      28 |      15 |  34.9
       D:15 |    4299 |    3832 |  47.1 |      16 |       4 |  20.0
     Lair:1 |    5594 |       0 |   0.0 |      17 |       0 |   0.0
     Lair:2 |    3835 |     587 |  13.3 |      15 |       1 |   6.2
     Lair:3 |   10022 |    1179 |  10.5 |      40 |      13 |  24.5
     Lair:4 |    5366 |    5796 |  51.9 |      25 |      16 |  39.0
     Lair:5 |    3316 |     919 |  21.7 |       7 |       1 |  12.5
     Lair:6 |    5840 |   11114 |  65.6 |      28 |      21 |  42.9
   Shoals:1 |   12799 |     745 |   5.5 |      28 |       1 |   3.4
   Shoals:2 |   19233 |    6182 |  24.3 |      33 |      11 |  25.0
   Shoals:3 |   22819 |       0 |   0.0 |      49 |       0 |   0.0
   Shoals:4 |   10746 |   30184 |  73.7 |      22 |      39 |  63.9
   Spider:1 |   19647 |    2986 |  13.2 |      61 |       1 |   1.6
   Spider:2 |   10162 |    6388 |  38.6 |      32 |      34 |  51.5
   Spider:3 |    9372 |    6905 |  42.4 |      23 |       7 |  23.3
   Spider:4 |    6159 |   19510 |  76.0 |      18 |      41 |  69.5
      Orc:1 |     956 |    3617 |  79.1 |      26 |      32 |  55.2
      Orc:2 |    1793 |   10603 |  85.5 |      13 |      41 |  75.9
      Elf:1 |   12879 |    7583 |  37.1 |      20 |      13 |  39.4
      Elf:2 |    9005 |   33233 |  78.7 |      18 |      33 |  64.7
   Vaults:1 |   43007 |   27781 |  39.2 |      98 |      40 |  29.0
   Vaults:2 |    9497 |   37698 |  79.9 |      26 |      54 |  67.5
   Vaults:3 |   24136 |   22403 |  48.1 |      41 |      39 |  48.8
    Abyss:2 |     887 |       0 |   0.0 |       3 |       0 |   0.0
    Ossuary |       0 |     152 | 100.0 |       0 |      16 | 100.0
            +---------+---------+-------+---------+---------+-------
